[Event "Titled Tuesday Blitz April 18 Early 2023"]
[White "Fernandez Siles, Luis"]
[Black "Hirneise, Jens"]
[WhiteFideId "2209420"]
[BlackFideId "24614734"]
[WhiteElo "2195"]
[BlackElo "2345"]
[Result "1/2-1/2"]
[Round "05"]
[TimeControl "180+2"]
[Date "2023.04.18"]
[WhiteClock "0:00:06"]
[BlackClock "0:00:10"]

1. e4 c6 2. d4 d5 3. exd5 cxd5 4. c4 Nf6 5. Nc3 e6 6. Nf3 Nc6 7. cxd5 exd5 8. h3 Be7 9. Bd3 O-O 10. O-O Re8 11. Bf4 a6 12. Rc1 g6 13. Bc2 Nh5 14. Bh2 Bg5 15. Ra1 Bf4 16. Bb3 Bxh2+ 17. Kxh2 Be6 18. Rc1 Qd6+ 19. g3 Nf6 20. Re1 Bd7 21. Qd2 Rxe1 22. Rxe1 Re8 23. Rxe8+ Bxe8 24. Qg5 Ne7 25. Ne5 Kg7 26. Qe3 Bc6 27. Qf4 Qe6 28. g4 h6 29. h4 h5 30. g5 Ng4+ 31. Nxg4 hxg4 32. Bc2 Nf5 33. Bxf5 gxf5 34. Kg3 Bd7 35. h5 Kg8 36. Qe5 Qxe5+ 37. dxe5 d4 38. Nb1 Be6 39. b3 Kf8 40. Kf4 Kg7 41. Nd2 Kf8 42. a3 Kg7 43. b4 Kf8 44. a4 b6 45. a5 bxa5 46. bxa5 Kg7 47. Nf1 Kf8 48. h6 Kg8 49. Nd2 Kh7 50. f3 gxf3 51. Nxf3 d3 52. Ke3 Bd5 53. Nd4 Be4 54. Nb3 Kg6 55. Nd2 Bc6 56. Kxd3 f4 57. Ke2 Bd5 58. Kf2 Be6 59. Ne4 Bf5 60. Nc5 Kxg5 61. Nxa6 Kxh6 62. Nc5 Bc8 63. Kf3 Kg5 64. a6 Bxa6 65. Nxa6 Kf5 66. Nc5 Kxe5 67. Nd3+ Kf5 68. Nxf4 f6 69. Nd3 Ke6 70. Nf2 Kf5 71. Ne4 Ke6 72. Nxf6 1/2-1/2


[Site "https://www.chess.com"]

[Event "Titled Tuesday Blitz April 18 Early 2023"]
[White "Zacurdajev, Dmitry"]
[Black "Shevtchenko, Olesya"]
[WhiteFideId "4196309"]
[BlackFideId "24131890"]
[WhiteElo "2189"]
[BlackElo "2003"]
[Result "0-1"]
[Round "05"]
[TimeControl "180+2"]
[Date "2023.04.18"]
[WhiteClock "0:00:04"]
[BlackClock "0:00:14"]

1. d4 Nf6 2. c4 e6 3. Nc3 d5 4. Nf3 c5 5. cxd5 cxd4 6. Qxd4 exd5 7. e4 Nc6 8. Bb5 dxe4 9. Qxd8+ Kxd8 10. Ng5 Be6 11. Nxe6+ fxe6 12. Bxc6 bxc6 13. Bg5 h6 14. Bxf6+ gxf6 15. Nxe4 f5 16. O-O-O+ Kc7 17. Nd2 Bc5 18. f3 Bd4 19. Nc4 Rad8 20. Rhe1 Rhe8 21. Ne5 c5 22. Kc2 Rd5 23. f4 Bxe5 24. Rxe5 Rxd1 25. Kxd1 Kd6 26. Kc2 Rb8 27. Re3 Rb4 28. g3 h5 29. Ra3 Re4 30. Kd2 Rd4+ 31. Ke2 Rb4 32. b3 c4 33. Rxa7 cxb3 34. axb3 Rxb3 35. Ra6+ Kd5 36. Ra5+ Kd6 37. Ra6+ Ke7 38. Ra2 h4 39. Kf2 h3 40. Re2 Rd3 41. Rc2 Kd6 42. Re2 Kd5 43. Ra2 Rb3 44. Ra5+ Kd4 45. Re5 Rb2+ 46. Kg1 Rg2+ 47. Kh1 Rc2 48. Re1 Kd3 49. Kg1 Re2 50. Rd1+ Ke3 51. Ra1 Rg2+ 52. Kh1 Rd2 53. Ra3+ Ke2 54. Ra1 Kf2 55. Rd1 Rxd1# 0-1


[Site "https://www.chess.com"]

[Event "Titled Tuesday Blitz April 18 Early 2023"]
[White "Girsh, Daniel"]
[Black "djokovic74"]
[WhiteFideId "30949190"]
[WhiteElo "2075"]
[BlackElo "2580"]
[Result "1-0"]
[Round "05"]
[TimeControl "180+2"]
[Date "2023.04.18"]
[WhiteClock "0:00:17"]
[BlackClock "0:00:01"]

1. e4 e5 2. Nf3 Nc6 3. Bb5 a6 4. Ba4 Nf6 5. O-O b5 6. Bb3 Be7 7. Re1 O-O 8. a4 Bb7 9. d3 d6 10. c3 Na5 11. Bc2 c5 12. Nbd2 Nc6 13. Nf1 Qc7 14. Ng3 g6 15. Bh6 Rfe8 16. h3 Bf8 17. Qd2 Qe7 18. Nh2 Bxh6 19. Qxh6 Rad8 20. axb5 axb5 21. Bb3 Ra8 22. Rxa8 Rxa8 23. Ng4 Nxg4 24. hxg4 Na5 25. Bc2 Qf8 26. Qh4 Kg7 27. Re3 f6 28. Rf3 h6 29. Nf1 c4 30. d4 Nb3 31. Rh3 Kh7 32. Rf3 Kg7 33. Rh3 Kg8 34. dxe5 dxe5 35. Ne3 Ra1+ 36. Kh2 Nd2 37. f3 Kh7 38. Nd5 Bxd5 39. exd5 Nf1+ 40. Kg1 Ne3+ 41. Kf2 Nxc2 42. g5 fxg5 43. Qxg5 Qg7 44. d6 Rd1 45. Qd8 1-0


[Site "https://www.chess.com"]

[Event "Titled Tuesday Blitz April 18 Early 2023"]
[White "Lenaerts, Lennert"]
[Black "Mrudul Dehankar"]
[WhiteFideId "211435"]
[BlackFideId "25096990"]
[WhiteElo "2334"]
[BlackElo "2139"]
[Result "1-0"]
[Round "05"]
[TimeControl "180+2"]
[Date "2023.04.18"]
[WhiteClock "0:01:40"]
[BlackClock "0:00:01"]

1. d4 Nf6 2. c4 e6 3. Nc3 Bb4 4. g3 Nc6 5. Nf3 Qe7 6. Bg2 O-O 7. O-O d5 8. Qb3 Rd8 9. Rd1 Na5 10. Qc2 Nxc4 11. a3 Bd6 12. Nb5 c6 13. Nxd6 Nxd6 14. Ne5 a5 15. a4 Nd7 16. b3 f6 17. Nd3 Qf7 18. Ba3 Nf5 19. Nc5 Nxc5 20. Bxc5 Nd6 21. Rac1 Ne8 22. e4 Nc7 23. Re1 Bd7 24. Bb6 Rdc8 25. Qd2 Ne8 26. Bxa5 Nd6 27. e5 fxe5 28. Rxe5 Nf5 29. Bc3 Qf6 30. Rce1 Rf8 31. f4 Rae8 32. Qd3 h5 33. Bh3 h4 34. Bb4 Rf7 35. Bxf5 exf5 36. Rxe8+ 1-0


[Site "https://www.chess.com"]

[Event "Titled Tuesday Blitz April 18 Early 2023"]
[White "Ezat, Mohamed"]
[Black "Vivas Zamora, Fabian Ernesto"]
[WhiteFideId "10600906"]
[BlackFideId "3902480"]
[WhiteElo "2386"]
[BlackElo "2262"]
[Result "1-0"]
[Round "05"]
[TimeControl "180+2"]
[Date "2023.04.18"]
[WhiteClock "0:00:30"]
[BlackClock "0:00:01"]

1. d4 Nf6 2. c4 g6 3. Nc3 d5 4. Bg5 Bg7 5. Bxf6 Bxf6 6. cxd5 c6 7. e3 cxd5 8. h4 h5 9. Qb3 e6 10. g3 O-O 11. Nf3 Qa5 12. Bd3 b6 13. Qc2 Kg7 14. O-O Ba6 15. Rfc1 Bxd3 16. Qxd3 Nc6 17. a3 b5 18. Qxb5 Qxb5 19. Nxb5 Na5 20. Rc7 a6 21. Nd6 Nb3 22. Rd1 Rab8 23. Ne5 Bxe5 24. dxe5 a5 25. Rd3 a4 26. e4 dxe4 27. Nxe4 Nc1 28. Rd2 Nb3 29. Rdd7 Rbc8 30. Rxf7+ Rxf7 31. Rxc8 Rd7 32. Ng5 Rd5 33. Nxe6+ Kf7 34. Ng5+ Ke7 35. e6 Nd4 36. Rc7+ Ke8 37. Ra7 1-0


[Site "https://www.chess.com"]

[Event "Titled Tuesday Blitz April 18 Early 2023"]
[White "Vlassov, Nikolai"]
[Black "Harriott, Tyrell"]
[WhiteFideId "4103360"]
[BlackFideId "2086484"]
[WhiteElo "2324"]
[BlackElo "2107"]
[Result "1-0"]
[Round "05"]
[TimeControl "180+2"]
[Date "2023.04.18"]
[WhiteClock "0:00:09"]
[BlackClock "0:00:51"]

1. e4 e6 2. c4 b6 3. d4 Bb7 4. Bd3 f5 5. Qe2 Bb4+ 6. Bd2 Qe7 7. Nf3 Nh6 8. Nc3 O-O 9. O-O Nf7 10. exf5 exf5 11. Qxe7 Bxe7 12. Rfe1 Bf6 13. Nd5 Bxd5 14. cxd5 Nd6 15. Ne5 a5 16. Rac1 Ra7 17. Rc2 g6 18. Rec1 Ne8 19. Bh6 Bg7 20. Bxg7 Kxg7 21. f4 d6 22. Nf3 h6 23. Bb5 Na6 24. a3 Kf7 25. Kf2 Rg8 26. h3 Rg7 27. g4 Kf8 28. gxf5 gxf5 29. Nh4 Rf7 30. Ng6+ Kg7 31. Rg1 Nf6 32. Ne5+ Kf8 33. Nxf7 Ne4+ 34. Ke3 Kxf7 35. Bxa6 Rxa6 36. Rxc7+ Kf8 37. Rg6 Ra8 38. Rxh6 Ra6 39. Rh8# 1-0


[Site "https://www.chess.com"]

[Event "Titled Tuesday Blitz April 18 Early 2023"]
[White "Ibadov, Dashgyn"]
[Black "Matveeva, Olga"]
[WhiteFideId "24107514"]
[BlackFideId "24107018"]
[WhiteElo "2208"]
[BlackElo "2056"]
[Result "1-0"]
[Round "05"]
[TimeControl "180+2"]
[Date "2023.04.18"]
[WhiteClock "0:00:09"]
[BlackClock "0:00:07"]

1. e4 e6 2. d4 d5 3. Nc3 Nf6 4. e5 Nfd7 5. Nce2 c5 6. c3 Nc6 7. Nf3 b5 8. Nf4 b4 9. c4 cxd4 10. cxd5 exd5 11. Bb5 Bb7 12. e6 fxe6 13. Nxe6 Qe7 14. O-O Kf7 15. Re1 Qf6 16. Bg5 Qg6 17. Rc1 Rc8 18. Bxc6 Bxc6 19. Rxc6 Rxc6 20. Nd8+ Kg8 21. Nxc6 Qxc6 22. Nxd4 Qg6 23. Qg4 h6 24. Qxd7 Qxg5 25. h4 Qh5 26. Nf5 Kh7 27. Qxd5 Bd6 28. Re6 Rf8 29. Rxd6 Qxf5 30. Qxf5+ Rxf5 31. Ra6 Rf7 32. h5 Rc7 33. b3 Kg8 34. g4 Kf7 35. Kg2 Re7 36. Kf3 Rd7 37. Ke4 Rc7 38. f4 Ke7 39. Kf5 Kf7 40. g5 hxg5 41. fxg5 Rc5+ 42. Kf4 Rc7 43. g6+ Ke7 44. Kf5 Rc5+ 45. Kg4 Rc7 46. h6 gxh6 47. Kh5 Kf8 48. Kxh6 Kg8 49. Rd6 Rc8 50. Rd7 a5 51. Ra7 1-0


[Site "https://www.chess.com"]

[Event "Titled Tuesday Blitz April 18 Early 2023"]
[White "Liu, Casper"]
[Black "AyMitecK"]
[WhiteFideId "1454153"]
[WhiteElo "2221"]
[BlackElo "2566"]
[Result "1/2-1/2"]
[Round "05"]
[TimeControl "180+2"]
[Date "2023.04.18"]
[WhiteClock "0:00:22"]
[BlackClock "0:01:32"]

1. e4 e6 2. c3 d5 3. Bd3 Nf6 4. e5 Nfd7 5. f4 c5 6. Nf3 Nc6 7. O-O c4 8. Bc2 b5 9. Kh1 Nc5 10. b4 cxb3 11. axb3 d4 12. b4 Nd7 13. Be4 Bb7 14. Nxd4 Nxd4 15. Bxb7 Rb8 16. Be4 Nf5 17. Rxa7 Qb6 18. Ra2 h5 19. Bxf5 exf5 20. d4 Be7 21. Nd2 Nf8 22. Nb3 h4 23. Be3 Rd8 24. h3 Qe6 25. Ra7 Qd5 26. Na5 Rh6 27. Qf3 Qxf3 28. Rxf3 Rc8 29. d5 Rxc3 30. Bc5 Rc1+ 31. Kh2 Bxc5 32. bxc5 Rxc5 33. Ra8+ Kd7 34. Rxf8 Ke7 35. Rb8 Rxd5 36. Rb3 Ra6 37. R3xb5 Rxa5 38. R5b7+ Rd7 39. Rxd7+ Kxd7 40. Rh8 Ra4 41. Rxh4 g5 42. Rh7 Rxf4 43. Rxf7+ Ke6 44. Rg7 Kxe5 45. Rxg5 Kf6 46. Rg8 Ra4 47. Kg3 Kf7 48. Rg5 Kf6 49. h4 Ra3+ 50. Kh2 Ra4 51. g3 Ra3 52. Kh3 Ra1 53. Rg8 Rh1+ 54. Kg2 Ra1 55. Rf8+ Kg6 56. Rb8 Ra2+ 57. Kh3 Ra6 58. Rb5 Kf6 59. Rb4 Rc6 60. Rf4 Kg6 61. Rf1 Rc3 62. Re1 f4 63. Rg1 Kh5 64. Kh2 fxg3+ 65. Rxg3 Rc1 66. Rh3 Kg4 67. Rg3+ Kxh4 68. Rh3+ Kg4 69. Rg3+ Kf4 70. Ra3 Rc2+ 71. Kh3 Rc4 72. Rg3 Rc8 73. Rg4+ Kf5 74. Rg3 Rh8+ 75. Kg2 Ra8 76. Rf3+ Ke4 77. Rf2 Rg8+ 78. Kf1 Ke3 79. Re2+ Kd3 80. Rh2 Rf8+ 81. Kg1 Ra8 82. Rh3+ Ke4 83. Rh4+ Kf3 84. Rh3+ Kg4 85. Rb3 Ra4 86. Kf2 Ra2+ 87. Ke3 Kf5 88. Kd4 Ke6 89. Re3+ Kd6 90. Ke4 Ke6 91. Kd4+ Kd6 92. Ke4 Ra4+ 93. Kf5 Kd5 94. Rd3+ Kc6 95. Rd8 Ra1 96. Rd2 Re1 97. Rc2+ Kd5 98. Rd2+ Kc4 99. Rc2+ Kd3 100. Rc8 Rf1+ 101. Ke5 Ra1 102. Rd8+ Ke3 103. Kf5 Ra5+ 104. Ke6 Ke4 105. Rh8 Ra6+ 106. Kd7 Kf5 107. Re8 Kf6 108. Kd8 Rb6 109. Re1 Rb7 110. Kc8 Rh7 111. Rf1+ Ke6 112. Re1+ Kd6 113. Rd1+ Kc6 114. Rc1+ Kd5 115. Rd1+ Ke6 116. Re1+ Kf5 117. Rf1+ Ke4 1/2-1/2


[Site "https://www.chess.com"]

[Event "Titled Tuesday Blitz April 18 Early 2023"]
[White "arpita_chess"]
[Black "Delorme, Axel"]
[BlackFideId "632023"]
[WhiteElo "2565"]
[BlackElo "2478"]
[Result "0-1"]
[Round "05"]
[TimeControl "180+2"]
[Date "2023.04.18"]
[WhiteClock "0:00:18"]
[BlackClock "0:00:13"]

1. e4 c5 2. Nf3 d6 3. Bb5+ Nd7 4. d4 cxd4 5. Qxd4 a6 6. Bxd7+ Bxd7 7. c4 e5 8. Qd3 Rc8 9. Na3 h6 10. O-O Nf6 11. b3 Be7 12. Nc2 b5 13. Ne3 O-O 14. Ba3 Bc6 15. Nd2 Qa5 16. Bxd6 Bxd6 17. Qxd6 Rfd8 18. Qxe5 Qxd2 19. Nf5 Re8 20. Qg3 Nh5 21. Qg4 Qg5 22. Qxg5 hxg5 23. Nd6 bxc4 24. bxc4 Bxe4 25. Nxc8 Rxc8 26. Rac1 Bd3 27. Rfe1 Nf4 28. Kh1 Ne2 29. Rcd1 Bxc4 30. Rd2 Nf4 31. Rc1 Re8 32. h4 Bb5 33. hxg5 Re5 34. Rd4 Ne2 35. Rc8+ Kh7 36. Rh4+ Kg6 37. f4 Re4 38. f5+ Kxf5 39. Rxe4 Kxe4 40. Rg8 Kf5 41. Rxg7 Bc4 42. a3 Nf4 43. Kh2 Be6 44. Rg8 Nh5 45. Ra8 Bc4 46. Rc8 Bd3 47. Rc5+ Kg6 48. Kh3 Nf4+ 49. Kg3 Ne6 50. Rd5 Bc4 51. Rd6 Kf5 52. Rb6 Kxg5 53. Rb8 f5 54. Kf3 Bb5 55. g3 Nd4+ 56. Ke3 Nc2+ 57. Kf2 Nxa3 58. Rg8+ Kf6 59. Rf8+ Kg5 60. Rg8+ Kf6 61. Rf8+ Ke5 62. Re8+ Bxe8 63. Kf3 Bh5+ 64. Ke3 Bg4 65. Kf2 Nc4 66. Kg2 a5 67. Kf2 a4 68. Kg2 a3 69. Kf2 a2 70. Kg2 a1=Q 71. Kf2 Qb2+ 72. Kg1 Ke4 73. Kh1 Kf3 74. Kg1 Qg2# 0-1


[Site "https://www.chess.com"]

[Event "Titled Tuesday Blitz April 18 Early 2023"]
[White "Han, Yichen"]
[Black "Sandoval Mercado, Carlos"]
[WhiteFideId "1054430"]
[BlackFideId "5109434"]
[WhiteElo "2342"]
[BlackElo "2257"]
[Result "0-1"]
[Round "05"]
[TimeControl "180+2"]
[Date "2023.04.18"]
[WhiteClock "0:01:29"]
[BlackClock "0:01:39"]

1. Nf3 Nf6 2. d4 g6 3. Nbd2 Bg7 4. e4 d6 5. Bb5+ c6 6. Bd3 O-O 7. O-O Nbd7 8. c3 e5 9. Qe2 a5 10. a4 Re8 11. Nc4 Qc7 12. dxe5 dxe5 13. Rd1 Nc5 14. Bc2 Bf8 15. Bg5 Nfd7 16. Be3 b6 17. h4 Ba6 18. b3 Ne6 19. h5 Nf4 20. Bxf4 exf4 21. hxg6 hxg6 22. Bd3 Nc5 0-1


[Site "https://www.chess.com"]

[Event "Titled Tuesday Blitz April 18 Early 2023"]
[White "Moksh Amit Doshi"]
[Black "Mika, Tomasz"]
[WhiteFideId "25064967"]
[BlackFideId "1132970"]
[WhiteElo "2297"]
[BlackElo "2179"]
[Result "1-0"]
[Round "05"]
[TimeControl "180+2"]
[Date "2023.04.18"]
[WhiteClock "0:01:25"]
[BlackClock "0:00:07"]

1. d4 d5 2. Nf3 Nf6 3. Bf4 c5 4. e3 Nc6 5. Nbd2 Qb6 6. dxc5 Qxb2 7. Rb1 Qc3 8. Bb5 g6 9. e4 dxe4 10. Be5 Qa5 11. Bxf6 exf6 12. Nd4 Bd7 13. Bxc6 bxc6 14. O-O f5 15. Rb7 Qxc5 16. N2b3 Qd6 17. Qe2 Bg7 18. Rd1 Bxd4 19. Rxd4 Qe7 20. Rdxd7 Qxd7 21. Rxd7 Kxd7 22. Qd2+ Ke7 23. Qb4+ Kf6 24. Qc3+ Kg5 25. Qe3+ Kh5 26. h4 f6 27. Nd4 c5 28. Ne6 Rac8 29. Ng7+ Kxh4 30. Qh3+ Kg5 31. Ne6# 1-0


[Site "https://www.chess.com"]

[Event "Titled Tuesday Blitz April 18 Early 2023"]
[White "kuanysh1981"]
[Black "Gontcharov, Vladislav"]
[BlackFideId "4123492"]
[WhiteElo "2396"]
[BlackElo "2420"]
[Result "1-0"]
[Round "05"]
[TimeControl "180+2"]
[Date "2023.04.18"]
[WhiteClock "0:00:19"]
[BlackClock "0:00:01"]

1. d4 Nf6 2. Nf3 e6 3. g3 d5 4. Bg2 Be7 5. O-O O-O 6. c4 c6 7. Nc3 b6 8. b3 Bb7 9. Bb2 a5 10. Ne5 Na6 11. a3 c5 12. cxd5 Nxd5 13. Nxd5 exd5 14. dxc5 bxc5 15. Qd2 Nc7 16. Rfd1 a4 17. b4 cxb4 18. axb4 Qd6 19. Nc4 Qxb4 20. Qxb4 Bxb4 21. Nb6 Ra5 22. Rxa4 Rxa4 23. Nxa4 Ra8 24. Nb6 Ra5 25. Be5 Ne6 26. Nxd5 Bf8 27. e4 Ra2 28. Rb1 Bc6 29. h4 h5 30. Rb8 Ra8 31. Rb6 Bd7 32. Kh2 f6 33. Bxf6 Be8 34. Bc3 Nd8 35. Bh3 Bf7 36. Rb2 1-0


[Site "https://www.chess.com"]

[Event "Titled Tuesday Blitz April 18 Early 2023"]
[White "benny_aizenberg"]
[Black "Rangel, Daniel"]
[BlackFideId "2124475"]
[WhiteElo "2555"]
[BlackElo "2256"]
[Result "1-0"]
[Round "05"]
[TimeControl "180+2"]
[Date "2023.04.18"]
[WhiteClock "0:01:40"]
[BlackClock "0:00:06"]

1. Nf3 Nf6 2. g3 g6 3. Bg2 Bg7 4. O-O O-O 5. d3 c5 6. e4 Nc6 7. Re1 d6 8. Nbd2 e5 9. Nf1 Bg4 10. h3 Bxf3 11. Bxf3 d5 12. exd5 Nxd5 13. Ne3 Nc7 14. Bd2 Rb8 15. Bc3 Nd4 16. Bg2 b5 17. a4 b4 18. Bxd4 cxd4 19. Nc4 Re8 20. Qd2 Kh8 21. Re2 f5 22. Rae1 b3 23. Nxe5 Bxe5 24. Rxe5 Rxe5 25. Rxe5 bxc2 26. Qxc2 Ne8 27. Qc5 Nf6 28. Qxa7 Rxb2 29. Rb5 Rxb5 30. axb5 Nd7 31. Qxd4+ Kg8 32. Bc6 Kf8 33. Qxd7 1-0


[Site "https://www.chess.com"]

[Event "Titled Tuesday Blitz April 18 Early 2023"]
[White "Koridze, Lile"]
[Black "Al-Tarboush, Ward"]
[WhiteFideId "13612514"]
[BlackFideId "7601450"]
[WhiteElo "2047"]
[BlackElo "2265"]
[Result "0-1"]
[Round "05"]
[TimeControl "180+2"]
[Date "2023.04.18"]
[WhiteClock "0:00:05"]
[BlackClock "0:00:25"]

1. d4 Nf6 2. c4 g6 3. Nc3 d5 4. cxd5 Nxd5 5. Bd2 Bg7 6. e4 Nb6 7. Be3 O-O 8. Nf3 Bg4 9. Be2 Nc6 10. d5 Na5 11. Bd4 f6 12. Bxb6 axb6 13. b4 f5 14. Rc1 Bxf3 15. gxf3 fxe4 16. fxe4 e6 17. bxa5 Qh4 18. O-O Be5 19. f4 Rxf4 20. Bf3 Rg4+ 21. Bg2 Bxh2+ 22. Kh1 Bg3+ 0-1


[Site "https://www.chess.com"]

[Event "Titled Tuesday Blitz April 18 Early 2023"]
[White "Reprintsev, Alexander"]
[Black "Dwilewicz, Katarzyna"]
[WhiteFideId "14100541"]
[BlackFideId "1148486"]
[WhiteElo "2211"]
[BlackElo "2065"]
[Result "0-1"]
[Round "05"]
[TimeControl "180+2"]
[Date "2023.04.18"]
[WhiteClock "0:00:01"]
[BlackClock "0:00:05"]

1. e4 c5 2. b3 b6 3. d4 cxd4 4. Qxd4 Bb7 5. Bb2 Nc6 6. Qd2 d6 7. Nc3 Nf6 8. O-O-O e6 9. f4 Be7 10. Nf3 Qc7 11. g4 Nb4 12. Bb5+ Kf8 13. Bd3 Nxd3+ 14. cxd3 d5 15. g5 Nd7 16. Kb1 dxe4 17. dxe4 Nc5 18. Rhe1 h6 19. g6 Rd8 20. Qe3 f6 21. Nb5 Qb8 22. e5 f5 23. Nfd4 Bd5 24. Nc3 Qc8 25. Nxd5 Rxd5 26. Rc1 Qd7 27. Rc4 a5 28. Rec1 h5 29. a4 Rh6 30. Qg1 h4 31. h3 Qe8 32. Rxc5 Bxc5 33. Nxe6+ Qxe6 34. Qg5 Rxg6 35. Qxh4 Rg2 36. Qh8+ Kf7 37. Qh5+ Qg6 38. Qh8 Rgd2 39. Re1 Ke6 40. Qg8+ Qf7 41. Qc8+ Rd7 42. Qc6+ Ke7 43. e6 Rxb2+ 44. Kxb2 Qf6+ 45. Kb1 Rd6 46. Qc7+ Ke8 47. Qc8+ Rd8 48. Qc6+ Ke7 49. Qc7+ Kf8 50. Kc2 Qe7 51. Qe5 Qf6 52. Qc7 Be7 53. Kb1 Qd4 54. Rc1 Qd3+ 0-1


[Site "https://www.chess.com"]

[Event "Titled Tuesday Blitz April 18 Early 2023"]
[White "crosky"]
[Black "Bruedigam, Martin"]
[BlackFideId "24608033"]
[WhiteElo "2357"]
[BlackElo "2331"]
[Result "0-1"]
[Round "05"]
[TimeControl "180+2"]
[Date "2023.04.18"]
[WhiteClock "0:00:19"]
[BlackClock "0:01:21"]

1. c4 Nf6 2. Nc3 e5 3. g3 Bb4 4. Bg2 Bxc3 5. dxc3 d6 6. e4 Be6 7. b3 a6 8. Ne2 b5 9. cxb5 axb5 10. Bg5 Nbd7 11. O-O h6 12. Be3 Ra5 13. h3 Qa8 14. Qc2 Ra3 15. c4 bxc4 16. bxc4 O-O 17. Rfb1 Qa6 18. Rb4 Ra8 19. Nc1 c5 20. Rb5 Nb6 21. Bf1 Ra4 22. Rab1 Nxc4 23. Rb8+ Kh7 24. Rxa8 Qxa8 0-1


[Site "https://www.chess.com"]

[Event "Titled Tuesday Blitz April 18 Early 2023"]
[White "Sousa, Andre Ventura"]
[Black "Feinig, Mario"]
[WhiteFideId "1917617"]
[BlackFideId "1618113"]
[WhiteElo "2348"]
[BlackElo "2096"]
[Result "1-0"]
[Round "05"]
[TimeControl "180+2"]
[Date "2023.04.18"]
[WhiteClock "0:01:52"]
[BlackClock "0:00:18"]

1. e4 c6 2. d4 d5 3. Nd2 dxe4 4. Nxe4 Nf6 5. Nxf6+ exf6 6. c3 Bd6 7. Bd3 O-O 8. Qc2 Re8+ 9. Ne2 h5 10. O-O h4 11. h3 Nd7 12. Bd2 Nf8 13. Rae1 Be6 14. f4 b5 15. f5 Bd5 16. b3 c5 17. Bxb5 Be4 18. Qd1 Re7 19. Bf4 Bxf4 20. Rxf4 Qb6 21. Bc4 Rae8 22. dxc5 Qxc5+ 23. Nd4 Qc7 24. Rxh4 Bxf5 25. Rxe7 1-0


[Site "https://www.chess.com"]

[Event "Titled Tuesday Blitz April 18 Early 2023"]
[White "Krsnik Cohar, Ivan Vihor"]
[Black "Skaric, Djuro"]
[WhiteFideId "14520044"]
[BlackFideId "934569"]
[WhiteElo "2414"]
[BlackElo "2282"]
[Result "1-0"]
[Round "05"]
[TimeControl "180+2"]
[Date "2023.04.18"]
[WhiteClock "0:00:04"]
[BlackClock "0:00:06"]

1. e4 d6 2. Nf3 g6 3. Nc3 Bg7 4. d4 Nf6 5. Bc4 O-O 6. O-O Nc6 7. e5 dxe5 8. dxe5 Ng4 9. e6 f6 10. Bf4 g5 11. Qxd8 Rxd8 12. Bxc7 Rf8 13. h3 Nge5 14. Nxe5 fxe5 15. Rae1 Rf4 16. Bd5 Rb4 17. b3 Nd4 18. Ba5 Rb6 19. Bxb6 axb6 20. a4 Bf6 21. Re4 Kg7 22. Ne2 Nf5 23. Ng3 Nd6 24. Rb4 Kg6 25. Rxb6 h5 26. Ne4 Nf5 27. Nc5 g4 28. Bxb7 Rb8 29. a5 Nd6 30. a6 Bxb7 31. Nxb7 Nc8 32. Rc6 gxh3 33. Rd1 Na7 34. Rb6 e4 35. Rd8 Nc8 36. Rc6 Na7 37. Rxb8 Nxc6 38. Rc8 Na7 39. Ra8 Bd4 40. c3 Bb6 41. c4 Nc6 42. c5 Ba7 43. Rc8 Nd4 44. b4 Kf6 45. gxh3 h4 46. b5 Nxb5 47. Nd8 Ke5 48. Kg2 Kd5 49. c6 Kd6 50. Kf1 Nc7 51. Ke2 Nd5 52. Nb7+ Kxe6 53. Ra8 Bb6 54. a7 Nc7 55. Nd8+ Kd6 56. Nf7+ Kc5 57. Rc8 Kxc6 58. a8=Q+ Kd7 59. Qb7 Ke6 60. Qxb6+ Kxf7 61. Qxc7 Kg7 62. Qxe7+ Kg6 63. Rc6+ Kf5 64. Qf6# 1-0


[Site "https://www.chess.com"]

[Event "Titled Tuesday Blitz April 18 Early 2023"]
[White "micke12a"]
[Black "Ordekalog"]
[WhiteElo "2334"]
[BlackElo "2524"]
[Result "1/2-1/2"]
[Round "05"]
[TimeControl "180+2"]
[Date "2023.04.18"]
[WhiteClock "0:01:06"]
[BlackClock "0:01:35"]

1. e4 d5 2. exd5 Qxd5 3. Nf3 Nf6 4. Nc3 Qa5 5. Bc4 Bg4 6. h3 Bh5 7. O-O e6 8. Re1 Nbd7 9. Be2 O-O-O 10. d3 Qf5 11. g4 Nxg4 12. hxg4 Qxg4+ 13. Kh1 Bd6 14. Ne4 Qh3+ 15. Kg1 Qg4+ 16. Kh1 Qh3+ 17. Kg1 Qg4+ 18. Kh1 1/2-1/2


[Site "https://www.chess.com"]

[Event "Titled Tuesday Blitz April 18 Early 2023"]
[White "Osinenko, Anton"]
[Black "chessjazda"]
[WhiteFideId "4158970"]
[WhiteElo "2294"]
[BlackElo "2329"]
[Result "1-0"]
[Round "05"]
[TimeControl "180+2"]
[Date "2023.04.18"]
[WhiteClock "0:00:41"]
[BlackClock "0:00:46"]

1. e4 c6 2. d4 d5 3. Nc3 dxe4 4. Nxe4 Nf6 5. Ng3 g6 6. c3 Bg7 7. Nf3 Bg4 8. Be2 O-O 9. Ne5 Bxe2 10. Qxe2 Nbd7 11. f4 e6 12. O-O Nd5 13. Bd2 b5 14. Nxc6 Qc7 15. Ne5 Rfc8 16. Ne4 N7f6 17. Ng5 Rf8 18. a3 h6 19. Ngf3 a5 20. Qd3 Rfc8 21. Rab1 Qb6 22. h3 Ra7 23. Kh2 Rac7 24. g4 Ne8 25. f5 exf5 26. gxf5 g5 27. Rg1 b4 28. c4 f6 29. cxd5 fxe5 30. dxe5 Rc2 31. f6 Qf2+ 32. Rg2 Qxf3 33. Qxf3 1-0


[Site "https://www.chess.com"]

[Event "Titled Tuesday Blitz April 18 Early 2023"]
[White "Ardila, Oscar Humberto"]
[Black "Cnejev, Vladimir-Alexandru"]
[WhiteFideId "4404742"]
[BlackFideId "1260898"]
[WhiteElo "1918"]
[BlackElo "2132"]
[Result "0-1"]
[Round "05"]
[TimeControl "180+2"]
[Date "2023.04.18"]
[WhiteClock "0:00:07"]
[BlackClock "0:00:08"]

1. d4 d5 2. Nf3 Nf6 3. Bg5 e6 4. Nbd2 Be7 5. e3 h6 6. Bh4 O-O 7. Bd3 c5 8. c3 b6 9. O-O Ba6 10. Bxa6 Nxa6 11. Qe2 Nb8 12. Ne5 Qc7 13. Bg3 Bd6 14. f4 Nbd7 15. Rae1 a6 16. h3 b5 17. Bh4 Rab8 18. dxc5 Bxc5 19. Ndf3 Ne4 20. Rd1 Nxe5 21. Nxe5 Bd6 22. Nd3 f5 23. Nf2 Nxf2 24. Rxf2 b4 25. cxb4 Rxb4 26. b3 a5 27. g4 a4 28. bxa4 Rxa4 29. gxf5 Rxf5 30. Rg2 Re4 31. Qg4 Qf7 32. Rd3 Bc5 33. Bf2 Qa7 34. Rg3 Rf7 35. Rb3 Rexf4 36. exf4 Bxf2+ 37. Kg2 Bxg3 38. Ra3 Qxa3 0-1


[Site "https://www.chess.com"]

[Event "Titled Tuesday Blitz April 18 Early 2023"]
[White "Garv Gaur"]
[Black "Gheorghiu, Calin"]
[WhiteFideId "45030839"]
[BlackFideId "1200305"]
[WhiteElo "2068"]
[BlackElo "2223"]
[Result "0-1"]
[Round "05"]
[TimeControl "180+2"]
[Date "2023.04.18"]
[WhiteClock "0:00:01"]
[BlackClock "0:00:06"]

1. Nf3 Nf6 2. c4 e6 3. g3 d5 4. Bg2 dxc4 5. Qa4+ c6 6. Qxc4 b5 7. Qc2 Bb7 8. d4 Be7 9. O-O O-O 10. Rd1 Nbd7 11. Nc3 Rc8 12. Bf4 a6 13. Ne5 Nd5 14. Nxd7 Qxd7 15. Bd2 c5 16. Nxd5 Bxd5 17. e4 cxd4 18. Qd3 Bc4 19. Qf3 e5 20. h4 Be6 21. Qd3 Rc6 22. f4 exf4 23. Bxf4 Rfc8 24. Kh1 Bc5 25. Rac1 Bb6 26. Rxc6 Rxc6 27. Be5 Bxa2 28. b3 Qe6 29. Bxd4 Rd6 30. Qc3 Bxb3 31. Rd2 Bxd4 32. Rxd4 Rxd4 33. Qxd4 h6 34. e5 Bc4 35. Kh2 g6 36. Bh3 Qd5 37. Qa7 Qd2+ 38. Kg1 Qe1+ 39. Kh2 Qe2+ 40. Kg1 Qxe5 41. Bg2 Qxg3 42. Qxa6 Qe3+ 43. Kh1 Qe1+ 44. Kh2 Qxh4+ 45. Kg1 Qg5 46. Kh2 Kg7 47. Qa1+ Qf6 48. Qe1 Qd6+ 49. Kh1 Be6 50. Qa1+ Kh7 51. Qf6 b4 52. Kg1 b3 53. Bh3 Qc5+ 54. Kh2 Qc2+ 55. Kh1 b2 56. Bxe6 b1=Q+ 57. Qf1 Qxf1# 0-1


[Site "https://www.chess.com"]